 Dungeon Crawl Stone Soup version 0.22.1-1-ga44c0e5 (webtiles) character file.

74 whitewolfNL the Insei (level 4, 0/29 HPs)
             Began as an Octopode Transmuter on Sept 22, 2018.
             Was an Initiate of Okawaru.
             Succumbed to Crazy Yiuf's poison
             ... on level 1 of the Dungeon.
             The game lasted 00:11:08 (2030 turns).

whitewolfNL the Insei (Octopode Transmuter)         Turns: 2030, Time: 00:11:09

Health: 0/29       AC:  1    Str:  9    XL:     4   Next: 28%
Magic:  1/7        EV: 13    Int: 15    God:    Okawaru [......]
Gold:   53         SH:  0    Dex: 13    Spells: 6/7 levels left

rFire    . . .     SeeInvis .     - Unarmed
rCold    . . .     Gourm    .   (no shield)
rNeg     . . .     Faith    .   (helmet restricted)
rPois    .         Spirit   +   p - amulet of guardian spirit
rElec    .         Reflect  .   (no ring)
rCorr    .         Harm     .   (no ring)
MR       .....                  (no ring)
Stlth    +++.......             (no ring)
HPRegen  0.09/turn              (no ring)
MPRegen  0.10/turn              (no ring)
                                (no ring)
                                (no ring)

@: lethally poisoned (0 -> -19)
A: almost no armour, stealthy swim, amphibious, 8 rings, constrict 8, camouflage
1, gelatinous body 1
a: Renounce Religion


You were on level 1 of the Dungeon.
You worshipped Okawaru.
Okawaru was noncommittal.
You were not hungry.

You visited 1 branch of the dungeon, and saw 2 of its levels.

You collected 53 gold pieces.

Inventory:

Hand Weapons
 n - a +0 hunting sling
Missiles
 a - 12 arrows
 k - 25 sling bullets
 o - 40 stones (quivered)
Jewellery
 i - an uncursed amulet of regeneration
 p - an amulet of guardian spirit (around mantle)
Wands
 m - a wand of digging (12)
Scrolls
 f - 2 scrolls of teleportation {unknown}
 g - a scroll of magic mapping {unknown}
 h - a scroll of enchant weapon {unknown}
 j - a scroll of fear {unknown}
 l - a scroll of random uselessness {unknown}
Potions
 b - a potion of lignification {unknown}
 d - a potion of flight {unknown}
 e - 2 potions of degeneration {unknown}
 r - a potion of curing {unknown}
Comestibles
 c - 2 rations
 q - 2 chunks of flesh


   Skills:
 * Level 1.7 Fighting
 - Level 0.6 Throwing
 * Level 2.3 Dodging
 * Level 1.8 Stealth
 * Level 3.9 Unarmed Combat
 + Level 2.2 Spellcasting
 + Level 2.1 Transmutations


You had 6 spell levels left.
You knew the following spells:

 Your Spells              Type           Power        Failure   Level  Hunger
a - Beastly Appendage     Tmut           #.....       10%         1    #......

Your spell library contained the following spells:

 Spells                   Type           Power        Failure   Level  Hunger
 Sticks to Snakes         Tmut           #.......     14%         2    ###....
 Spider Form              Tmut/Pois      #.........   38%         3    ###....
 Ice Form                 Ice/Tmut       #.......     80%         4    #####..
 Blade Hands              Tmut           #.........   95%         5    ######.


Dungeon Overview and Level Annotations

Branches:
Dungeon (2/15)

Altars:
Okawaru

Annotations:
D:1 Crazy Yiuf


Innate Abilities, Weirdness & Mutations

You cannot wear most types of armour.
You are very stealthy in the water. (Stealth+)
You are amphibious.
You can wear up to eight rings at the same time.
You can use your tentacles to constrict eight enemies at once.
Your skin changes colour to match your surroundings (Stealth+).
Your rubbery body absorbs attacks. (AC +1, EV +1)


Message History

You feel sick.
You feel sick.
You feel sick.
You feel sick.
You feel sick.
Crazy Yiuf says, "Hack!
Iron horse toodlewoodle."
You feel sick.
Crazy Yiuf says, "Crazy?
Crazy!?
PORCUPINE!"
You feel sick.
Some of the chunks of flesh in your inventory have rotted away.
You feel sick.
You feel sick.
There is an open door here.
You feel sick.
You are no longer poisoned.
Crazy Yiuf says, "Pitchfork mumblescurry water!"
Crazy Yiuf hits you with a quarterstaff of chaos!
* * * LOW HITPOINT WARNING * * *
You are lethally poisoned!
You die...

.####......##########........##.#
....#....#.##########........##.#
....................'............
....#.#####......####.........#..
.#..#.# #......# #.........#..
.#..#.######.###.# #...........#
....#.....##.###g# #.........#..
...######'##..##.# #.........#..
'### #.....#.##@# ###'##.......
..# #.....#..#.# #.......#.# ..#
#........#.# #.......'.#
..###########....# #.......###
.........# #.#..# #.......# #
.........# #.#..#########....# #
.........# #...>....# #....# #
.........# ####.###.# ###### #
########## #.......#


You could see Crazy Yiuf.

Vanquished Creatures
  2 adders (D:2)
  An ooze (D:2)
  A worm (D:2)
  2 dart slugs
  A leopard gecko (D:1)
  3 bats
  A giant cockroach (D:1)
  7 goblins
  5 hobgoblins
  5 jackals (D:2)
  10 frilled lizards
  3 kobolds
  4 rats
45 creatures vanquished.

Notes
Turn   | Place    | Note
-------+----------+-------------------------------------------
     0 | D:1      | whitewolfNL the Octopode Transmuter began the quest for the
                  | Orb.
     0 | D:1      | Reached XP level 1. HP: 13/13 MP: 3/3
   338 | D:1      | Reached skill level 1 in Stealth
   338 | D:1      | Reached XP level 2. HP: 18/18 MP: 5/5
   962 | D:1      | Reached XP level 3. HP: 9/23 MP: 6/6
  1125 | D:2      | Found an iron altar of Okawaru.
  1192 | D:2      | Became a worshipper of Warmaster Okawaru
  1233 | D:2      | Reached XP level 4. HP: 9/28 MP: 1/7
  1556 | D:2      | Found a faded altar of an unknown god.
  1927 | D:2      | Found a runed door.
  1931 | D:2      | Noticed Crazy Yiuf
  2030 | D:1      | Succumbed to Crazy Yiuf's poison

Skill      XL: |  1 |
---------------+----+-----
Stealth        | 1 |  1.8
Fighting       | |  1.7
Throwing       | |  0.6
Dodging        | |  2.3
Unarmed Combat | |  3.9
Spellcasting   | |  2.2
Transmutations | |  2.1

Action                   |  1- 3 |  4- 6 || total
-------------------------+-------+-------++-------
Melee: Unarmed           |    79 |    14 ||    93
       Constrict         |    17 |     4 ||    21
       Tentacles         |    12 |     2 ||    14
       Punch             |     4 |     1 ||     5
       Kick              |     8 |     1 ||     9
 Cast: Beastly Appendage |     4 |     1 ||     5
 Stab: Sleeping          |     4 |       ||     4
  Eat: Chunk             |     1 |     1 ||     2
       Ration            |       |     1 ||     1
Armor: Skin              |     3 |       ||     3
Dodge: Dodged            |    49 |    12 ||    61
